Map: 포트 알렉산더 - 래더

Players

TYTY (TY) - Winner!

  • Race: Terran Terran
  • League: Master
  • Spawn Location: 5:00

SpeCial

  • Race: Terran Terran
  • League: Master
  • Spawn Location: 11:00

VOD

Have the link to the VOD?

Description

Time

  • Played on: Feb. 5, 2019, 10:20 a.m.
  • Length: 9:33
Show
View Real Time Build Order
Export as new Build Order

TYTY Terran - Winner!

Build Orders: Cyclone Opening, Gas First Reaper Expand, Mech 

Get SALT Encoding   

  12  0:00  SCV  
  13  0:12  SCV  
  14  0:17  Supply Depot  
  14  0:24  SCV  
  15  0:30  Refinery  
  15  0:39  SCV  
  16  0:45  Barracks  
  16  0:51  SCV  
  17  1:03  SCV  
  18  1:15  SCV  
  19  1:32  Reaper  
  21  1:33  Orbital Command  
  20  1:44  Command Center  
  20  1:54  Factory  
  20  2:00  SCV  
  21  2:08  Barracks Reactor, Supply Depot  
  21  2:12  SCV  
  22  2:24  SCV  
  23  2:36  SCV  
  24  2:38  Factory Tech Lab  
  24  2:45  Marine x2  
  26  2:56  Orbital Command  
  26  2:57  Cyclone  
  28  3:01  SCV  
  28  3:02  Marine  
  28  3:03  Marine  
  30  3:13  Command Center  
  30  3:16  SCV  
  31  3:21  Refinery  
  31  3:22  SCV  
  32  3:28  SCV  
  32  3:32  Cyclone  
  36  3:34  SCV  
  36  3:40  SCV  
  38  3:46  SCV  
  39  3:53  SCV  
  39  3:54  Bunker  
  40  3:58  SCV  
  40  4:00  Factory  
  41  4:04  Supply Depot  
  41  4:05  SCV  
  42  4:11  Refinery, SCV  
  42  4:14  Refinery  
  43  4:17  SCV  
  43  4:23  SCV  
  43  4:24  Supply Depot  
  45  4:25  Siege Tank  
  45  4:30  Supply Depot, SCV  
  49  4:33  Orbital Command  
  49  4:40  SCV  
  50  4:45  Barracks Tech Lab, Factory  
  50  4:46  SCV  
  51  4:52  SCV  
  51  4:55  Hellion  
  51  4:58  SCV  
  55  5:00  Siege Tank  
  55  5:01  SCV  
  55  5:06  SCV  
  60  5:09  Hellion  
  60  5:10  SCV  
  60  5:13  Supply Depot  
  61  5:22  Hellion  
  61  5:23  SCV x2  
  64  5:34  Siege Tank  
  67  5:35  Factory Tech Lab, SCV  
  67  5:37  Hellion  
  69  5:47  SCV  
  69  5:49  Hellion  
  71  5:55  Siege Tank  
  67  6:00  SCV x3  
  58  6:05  Hellion  
  58  6:08  Refinery, Armory  
  58  6:10  Orbital Command, Armory  
  63  6:12  SCV x2  
  63  6:18  Hellion  
  67  6:19  Supply Depot, Cyclone  
  67  6:24  SCV  
  68  6:26  SCV  
  68  6:27  Cyclone  
  68  6:29  Supply Depot  
  68  6:30  Hellion  
  74  6:36  SCV x2  
  76  6:41  Factory  
  76  6:42  SCV  
  76  6:44  Factory  
  77  6:47  Supply Depot  
  77  6:48  Hellion, SCV  
  77  6:49  SCV  
  81  6:54  SCV  
  81  7:00  SCV  
  81  7:01  SCV  
  84  7:05  Barracks Reactor  
  84  7:06  SCV  
  84  7:07  Refinery  
  83  7:08  Refinery  
  83  7:12  Cyclone x2, SCV  
  83  7:14  Terran Vehicle Weapons Level 1  
  90  7:16  Mag-Field Accelerator  
  90  7:18  SCV x2  
  92  7:25  SCV  
  92  7:28  Cyclone  
  96  7:30  SCV x2  
  96  7:31  Supply Depot  
  99  7:37  SCV  
  99  7:42  SCV  
  99  7:44  SCV  
  101  7:46  Cyclone  
  101  7:47  Cyclone  
  101  7:49  SCV  
  108  7:56  SCV  
  110  8:01  Supply Depot  
  110  8:03  Cyclone  
  114  8:11  Hellion  
  114  8:12  Hellion x2  
  120  8:16  SCV, Command Center  
  120  8:17  SCV x2  
  121  8:20  Cyclone  
  121  8:23  Cyclone  
  127  8:28  Hellion  
  127  8:31  SCV x2  
  127  8:32  SCV  
  132  8:37  Supply Depot  
  132  8:40  Engineering Bay  
  132  8:44  Cyclone  
  133  8:53  Supply Depot  
  133  8:54  Supply Depot x2  
  133  9:00  Siege Tank x2  
  141  9:05  Supply Depot  
  141  9:06  Supply Depot, SCV x2  
  141  9:09  Missile Turret  
  141  9:10  Missile Turret  
  141  9:14  SCV  
  145  9:20  Refinery x2, SCV x2  
Show
View Real Time Build Order
Export as new Build Order

SpeCial Terran 

Build Orders: Mech 

Get SALT Encoding   

  12  0:00  SCV  
  13  0:13  SCV  
  14  0:19  Supply Depot  
  14  0:25  SCV  
  15  0:34  Refinery  
  15  0:40  SCV  
  16  0:45  Barracks  
  16  0:52  SCV  
  17  0:57  Refinery  
  17  1:04  SCV  
  18  1:16  SCV  
  20  1:33  Factory  
  20  1:34  Orbital Command  
  20  1:39  Reaper  
  20  1:47  Supply Depot  
  20  2:00  SCV  
  21  2:11  Reaper  
  21  2:12  SCV  
  23  2:17  Hellion  
  25  2:25  SCV  
  26  2:35  Command Center  
  26  2:39  SCV  
  27  2:49  Reaper  
  30  2:51  Hellion  
  30  2:54  SCV  
  30  3:04  Starport  
  29  3:06  SCV  
  29  3:08  Supply Depot  
  30  3:16  Factory Tech Lab  
  30  3:18  SCV  
  31  3:21  Barracks Reactor  
  31  3:30  SCV  
  32  3:38  Siege Tank  
  31  3:42  Medivac, SCV  
  34  3:48  Orbital Command  
  34  3:53  Refinery  
  34  3:54  SCV  
  35  3:57  Marine x2  
  37  4:06  SCV  
  37  4:07  Liberator  
  38  4:11  Cyclone  
  38  4:14  SCV  
  38  4:15  Marine x2  
  44  4:19  SCV  
  45  4:27  SCV  
  45  4:31  Supply Depot, SCV  
  50  4:33  Marine x2  
  52  4:43  SCV x2  
  54  4:52  Marine x2, Siege Tank  
  59  4:53  Supply Depot  
  59  4:55  SCV x2  
  61  5:07  SCV  
  61  5:10  Supply Depot  
  62  5:15  SCV  
  62  5:17  Marine  
  62  5:18  Command Center  
  62  5:19  SCV  
  65  5:27  SCV  
  66  5:31  SCV  
  66  5:32  Marine  
  66  5:35  Marine  
  67  5:39  Refinery, SCV  
  68  5:43  SCV  
  69  5:50  Marine, Siege Tank  
  69  5:51  SCV  
  69  5:55  SCV  
  69  5:56  Marine, Liberator  
  68  6:03  SCV  
  60  6:07  SCV  
  61  6:15  SCV, Command Center  
  65  6:22  Siege Tank  
  65  6:25  SCV  
  69  6:27  SCV  
  69  6:29  Factory  
  69  6:30  Barracks Tech Lab  
  69  6:31  Factory  
  70  6:37  SCV  
  70  6:39  Supply Depot, SCV  
  72  6:45  Refinery  
  72  6:49  SCV  
  72  6:51  SCV  
  74  6:55  Cyclone  
  74  6:56  Refinery  
  74  7:01  Orbital Command, SCV  
  77  7:03  SCV  
  77  7:04  Starport Reactor  
  79  7:13  SCV  
  80  7:16  SCV  
  80  7:18  Hellion x2  
  85  7:25  Siege Tank, SCV  
  85  7:26  Factory, Mag-Field Accelerator  
  85  7:27  Orbital Command, Factory  
  85  7:28  SCV x2  
  91  7:30  Liberator x2  
  90  7:38  Siege Tank, SCV  
  90  7:39  Hellion x2  
  90  7:40  SCV x2  
  100  7:47  Supply Depot  
  100  7:48  Supply Depot  
  100  7:50  SCV  
  107  7:52  SCV  
  107  7:55  SCV x2  
  107  7:57  Siege Tank  
  113  8:01  Hellion  
  115  8:05  Supply Depot  
  115  8:06  Supply Depot  
  115  8:09  Hellion  
  115  8:10  Supply Depot x2  
  117  8:18  Factory Tech Lab x2  
  117  8:19  Cyclone  
  120  8:22  Hellion, Supply Depot  
  120  8:24  Supply Depot  
  120  8:25  SCV x3  
  125  8:28  Orbital Command  
  125  8:29  Cyclone  
  125  8:30  Armory  
  125  8:31  Armory, Hellion  
  130  8:37  SCV x2  
  131  8:43  Hellion, Cyclone x2  
  133  8:52  Hellion  
  133  8:55  SCV x4  
  138  9:05  Hellion  
  138  9:07  SCV x3  
Tags
 
Add a new tag
Caveats
  • Supply blocks, unpowered buildings, or Contaminate may cause inaccurate times.
  • Supply counts are checked every 10 seconds.